 Dungeon Crawl Stone Soup version 0.20-a0-629-gc37eb77 (webtiles) character file.

147 krabocopter the Slasher (level 5, -2/29 HPs)
             Began as a Vine Stalker Fighter on Feb 10, 2017.
             Slain by a gnoll
             ... wielding a +0 whip
              (4 damage)
             ... on level 3 of the Dungeon.
             The game lasted 00:04:05 (1658 turns).

krabocopter the Slasher (Vine Stalker Fighter)      Turns: 1658, Time: 00:04:06

Health: -2/29      AC:  6    Str: 18    XL:     5   Next: 29%
Magic:  0/6        EV:  9    Int:  8    God:
Gold:   91         SH:  0    Dex: 15    Spells: 4/4 levels left

rFire    . . .     SeeInvis .   a - +0 long sword
rCold    . . .     Gourm    .   b - +0 scale mail
rNeg     . . .     Faith    .   (no shield)
rPois    .         Spirit   +   (no helmet)
rElec    .         Reflect  .   (no cloak)
rCorr    .         Harm     .   (no gloves)
MR       .....                  (no boots)
Stlth    ..........             (no amulet)
Regen    0.5/turn               (no ring)
                                (no ring)

@: no status effects
A: fangs 2, regeneration 1, magic shield, antimagic bite, no potion heal 3, rot
immunity
a: no special abilities


You were on level 3 of the Dungeon.
You were hungry.

You visited 1 branch of the dungeon, and saw 3 of its levels.

You collected 91 gold pieces.

Inventory:

Hand Weapons
 a - a +0 long sword (weapon)
Armour
 b - a +0 scale mail (worn)
 c - a +0 shield
 u - a +0 helmet
Jewellery
 e - a cursed ring of loudness {unknown}
 w - a cursed -4 ring of protection {unknown}
Scrolls
 h - 4 scrolls of fog {unknown}
 i - 4 scrolls of identify {unknown}
 l - 3 scrolls of teleportation {unknown}
 n - 2 scrolls of enchant weapon {unknown}
 t - a scroll of remove curse {unknown}
 x - a scroll of magic mapping {unknown}
Potions
 d - a potion of might
 j - 2 potions of cancellation {unknown}
 m - 2 potions of curing {unknown}
 p - a potion of haste {unknown}
 q - a potion of invisibility {unknown}
 s - a potion of agility {unknown}
 v - a potion of resistance {unknown}
Comestibles
 f - 2 bread rations
 g - 7 chunks of flesh
 k - 2 fruits
 o - a meat ration
 r - a royal jelly


   Skills:
 + Level 3.7 Fighting
 * Level 4.0 Long Blades
 - Level 2.4 Armour
 - Level 2.6 Shields


You had 4 spell levels left.
You didn't know any spells.

Dungeon Overview and Level Annotations

Branches:
Dungeon (3/15)

Altars:
Fedhas
Sif Muna
Zin


Innate Abilities, Weirdness & Mutations

You have extremely sharp teeth.
Your natural rate of healing is unusually fast.
When hurt, damage is shared between your health and your magic reserves.
Your bite disrupts and absorbs the magic of your enemies.
Potions cannot restore your health.
You are immune to rotting.


Message History

The gnoll is heavily wounded.
The gnoll barely misses you. The gnoll hits you with a whip.
* * * LOW HITPOINT WARNING * * *
You hit the gnoll. Your bite misses the gnoll.
The gnoll is severely wounded.
The gnoll hits you with a halberd!
* * * LOW HITPOINT WARNING * * *
The gnoll hits you but does no damage. x2
You slash the gnoll!
You kill the gnoll!
Your Long Blades skill increases to level 4!
The gnoll hits you but does no damage.
Things that are here:
a halberd; a gnoll corpse You are too injured to fight recklessly!
You are too injured to fight recklessly!
You closely miss the gnoll.
The gnoll is moderately wounded.
The gnoll hits you with a whip.
You die...

.... .### .... ...
..... ... .... ..#
#...#.# .#
###...#.#####.# #..
...............
#..#### #@.......
.......<###g.......
....................
......#####..)......
....................
....................
#...
.........#####.#....
.... .........#
.#.#.# #...
.........# .# #.#
+...


You could see a gnoll.

Vanquished Creatures
  An orc wizard (D:3)
  Robin (D:2)
  3 gnolls (D:3)
  An adder (D:2)
  An ooze (D:1)
  2 worms
  4 orcs (D:3)
  3 giant cockroaches (D:1)
  6 hobgoblins
  2 kobolds (D:2)
  A ball python (D:2)
  6 bats
  A frilled lizard (D:3)
  17 goblins
  8 rats
57 creatures vanquished.

Notes
Turn   | Place    | Note
-------+----------+-------------------------------------------
     0 | D:1      | krabocopter the Vine Stalker Fighter began the quest for the Orb.
     0 | D:1      | Reached XP level 1. HP: 11/11 MP: 2/2
    57 | D:1      | Reached skill level 2 in Long Blades
    65 | D:1      | Reached XP level 2. HP: 16/16 MP: 3/3
   499 | D:1      | Reached XP level 3. HP: 20/20 MP: 4/4
   577 | D:2      | Found a glowing silver altar of Zin.
   577 | D:2      | Found a deep blue altar of Sif Muna.
   627 | D:2      | Noticed Robin
   658 | D:2      | Killed Robin
   658 | D:2      | Reached skill level 3 in Long Blades
   683 | D:2      | Gained mutation: Your natural rate of healing is unusually fast. [Vine Stalker growth]
   683 | D:2      | Reached XP level 4. HP: 7/24 MP: 5/5
  1187 | D:2      | Found a blossoming altar of Fedhas.
  1511 | D:3      | Reached XP level 5. HP: 15/29 MP: 4/6
  1655 | D:3      | HP: 1/29 [gnoll/halberd (6)]
  1656 | D:3      | Reached skill level 4 in Long Blades
  1658 | D:3      | Slain by a gnoll

Vault maps used:
D:1:      saegor_arrival_simple_b
D:2:      fedhas_altar_4, chequers_temple_overflow_statue_of_worship,
          serial_forest, infiniplex_forest_lined_room_2,
          infiniplex_forest_straight_2, infiniplex_forest_straight_2,
          infiniplex_forest_clump_small, infiniplex_forest_lined_corner,
          infiniplex_forest_straight_3, infiniplex_forest_straight_3,
          infiniplex_forest_lined_room_2, uniq_robin
D:3:      first_bread, roderic_lattice_a

Skill      XL: |  1  2  3  4  5 |
---------------+----------------+-----
Long Blades    | 2 3 4 |  4.0
Fighting       | 3 |  3.7
Armour         | |  2.4
Shields        | |  2.6

Action                   |  1- 3 |  4- 6 || total
-------------------------+-------+-------++-------
Melee: Long sword        |    67 |    53 ||   120
       Bite              |    22 |    12 ||    34
  Use: Potion            |     1 |       ||     1
  Eat: Chunk             |       |     2 ||     2
Armor: Scale mail        |    37 |    15 ||    52
Dodge: Dodged            |    49 |    25 ||    74
       Rpst.: Long sword |    18 |     7 ||    25
